 Dungeon Crawl Stone Soup version 0.30.1-9-gdf580d7c3d (webtiles) character file.

Game seed: 17743939271105585906

82 lonewolfV2 the Shield-Bearer (level 4, 0/37 HPs)
             Began as a Formicid Fighter on Sept 27, 2023.
             Slain by a gnoll
             ... wielding a +2 vampiric halberd
              (8 damage)
             ... on level 2 of the Dungeon.
             The game lasted 00:01:14 (1069 turns).

lonewolfV2 the Shield-Bearer (Formicid Fighter)     Turns: 1069, Time: 00:01:15

Health: 0/37       AC:  7    Str: 22    XL:     4   Next: 70%
Magic:  4/4        EV:  9    Int:  8    God:
Gold:   102        SH:  5    Dex: 13    Spells: 3/3 levels left

rFire   + . .        a - +1 war axe
rCold   . . .        c - +0 buckler
rNeg    . . .        b - +0 scale mail
rPois   .            (helmet unavailable)
rElec   .            (no cloak)
rCorr   .            (no gloves)
SInv    +            (no boots)
Will    .....        (no amulet) Stlth
                     g - ring of protection from fire
HPRegen 0.26/turn    (no ring)
MPRegen 0.09/turn

%: no passive effects
@: no status effects
A: permanent stasis, dig shafts and tunnels, antennae 3, four strong arms
a: Dig, Shaft Self


You were on level 2 of the Dungeon.
You visited 1 branch of the dungeon, and saw 2 of its levels.

You collected 102 gold pieces.

Inventory:

Hand Weapons
 a - a +1 war axe (weapon)
Armour
 b - a +0 scale mail (worn)
 c - a +0 buckler (worn)
Jewellery
 g - a ring of protection from fire (left hand)
Potions
 d - 2 potions of might
 e - a potion of brilliance {unknown}
 f - a potion of flight {unknown}
 h - 2 potions of curing
 i - 2 potions of degeneration
 j - a potion of heal wounds {unknown}


   Skills:
 + Level 3.9 Fighting
 + Level 3.1 Axes
 + Level 3.9 Armour
 + Level 0.4 Dodging
 + Level 4.5 Shields


You had 3 spell levels left.
You didn't know any spells.
Your spell library was empty.

Dungeon Overview and Level Annotations

Branches:
Dungeon (2/15)

Altars:


Innate Abilities, Weirdness & Mutations

You cannot be hasted, slowed, berserked, paralysed or teleported.
You can dig through walls and to a lower floor.
You have a pair of large antennae on your head. (SInv)
Your four strong arms can wield two-handed weapons with a shield.


Message History

A gnoll comes into view. It is wielding a +0 flail.
The gnoll shouts!
The gnoll throws a boomerang.
The boomerang barely misses you.
A gnoll comes into view. It is wielding a +0 flail.
There are monsters nearby!
There are monsters nearby!
The gnoll throws a boomerang.
The boomerang hits you but does no damage.
You slash the gnoll!
The gnoll is severely wounded.
The gnoll hits you with a +0 flail.
You closely miss the gnoll.
The gnoll is severely wounded.
A gnoll comes into view. It is wielding a +2 vampiric halberd.
You hit the gnoll.
The gnoll is moderately wounded.
The gnoll barely misses you.
A gnoll comes into view. It is wielding a +0 halberd.
The gnoll shouts!
You hit the gnoll.
The gnoll is moderately wounded.
You hear a shout!
The gnoll hits you with a +0 flail.
You closely miss the gnoll.
The gnoll is moderately wounded.
The gnoll hits you with a +0 flail. The gnoll hits you with a +0 flail!
You slash the gnoll!
You kill the gnoll!
You closely miss the gnoll.
The gnoll is severely wounded.
The gnoll barely misses you.
The gnoll hits you from afar with a +2 vampiric halberd.
* * * LOW HITPOINT WARNING * * *
You hit the gnoll but do no damage.
The gnoll is severely wounded.
The gnoll hits you but does no damage.
The gnoll hits you from afar with a +2 vampiric halberd.
* * * LOW HITPOINT WARNING * * *
The gnoll hits you from afar with a +2 vampiric halberd!
You die...

#####..#
#......#
#.####.#
#.# #.#
#.####.#
#...##.#
###.##.#
#.##.#
#@##.#
#g#..#
#g#
#g..#
#...#
..#.#
###.# .#
#


You could see 3 gnolls.

Vanquished Creatures
  Robin (D:2)
  2 gnolls
  3 dart slugs (D:1)
  2 endoplasms
  12 goblins
  6 hobgoblins
  3 jackals (D:1)
  A quokka (D:1)
  2 ball pythons (D:1)
  2 bats
  2 frilled lizards
  3 kobolds
  2 rats
41 creatures vanquished.

Notes
Turn   | Place    | Note
-------+----------+-------------------------------------------
     0 | D:1      | lonewolfV2 the Formicid Fighter began the quest for the
                  | Orb.
     0 | D:1      | Reached XP level 1. HP: 18/18 MP: 1/1
    34 | D:1      | Reached XP level 2. HP: 21/25 MP: 2/2
   313 | D:1      | Reached XP level 3. HP: 30/30 MP: 3/3
   895 | D:2      | Noticed Robin
   904 | D:2      | Reached XP level 4. HP: 21/37 MP: 4/4
   910 | D:2      | Killed Robin
  1069 | D:2      | Slain by a gnoll

Illustrated notes

Levels and vault maps discovered:
D:1:      lightli_arrival_maybe_door_vault, layout_basic, kennysheep_flooded_box
D:2:      layout_basic, uniq_robin

Skill      XL: |  1  2  3  4 |
---------------+-------------+-----
Axes           | 3 |  3.1
Fighting       | |  3.9
Armour         | |  3.9
Dodging        | |  0.4
Shields        | |  4.5

Action                     |  1- 3 |  4- 6 || total
---------------------------+-------+-------++-------
  Melee: War axe           |    68 |    19 ||    87
    Use: Scroll            |     4 |       ||     4
 Armour: Scale mail        |    37 |     7 ||    44
  Dodge: Dodged            |    35 |     5 ||    40
  Block: Buckler           |    20 |     3 ||    23
